[Event "Early-Titled-Tuesday-Blitz-February-27-2024"]
[Site "Chess.com"]
[Date "2024.02.27"]
[Round "9"]
[White "arnash_bauyrzhan"]
[Black "ricaurtelopezj1955"]
[Result "1-0"]
[WhiteElo "2291"]
[BlackElo "2161"]
[TimeControl "180+1"]
[EndTime "9:46:31 PST"]
[Termination "arnash_bauyrzhan won on time"]

1. e4 e5 2. Nf3 Nc6 3. d4 exd4 4. Bc4 Nf6 5. O-O Be7 6. e5 Ng4 7. Bf4 d6 8. exd6 cxd6 9. h3 Nge5 10. Bb5 O-O 11. Nxd4 Nxd4 12. Qxd4 Bf6 13. Qd2 Qb6 14.
Nc3 Bxh3 15. Bxe5 Bxe5 16. gxh3 Bxc3 17. bxc3 Qxb5 18. Qxd6 Rad8 19. Qb4 Qd7 20. Kh2 b6 21. Rg1 Rfe8 22. Rg3 Re2 23. Qf4 Qd6 24. Qxd6 Rxd6 25.
Kg2 Rxc2 26. Re1 Kf8 27. Rge3 Re6 28. a4 Rxe3 29. Rxe3 Ra2 30. Re4 Ra3 31. Rc4 Ke7 32.
Rc7+ Ke6 33. Rxa7 Rxc3 34. Rb7 Rc6 35. Kf3 h5 36. Ke3 g5 37. Ra7 f5 38. a5 h4 39.
a6 Rc3+ 40. Ke2 Ra3 41. Ra8 Ke5 42. a7 Kf4 43. Rb8 Rxa7 44. Rxb6 Ra3 45. Rb4+ Ke5 46. Rb5+ Kf6 47. Rb6+ Kg7 48. Rb7+ Kg6 49. Rb6+ Kh5 50. Rb5 Rxh3 51. Rxf5 Kg4 52. Rf8 Ra3 53. f3+ Kg3 54.
Rg8 Ra5 55. Ke3 h3 56. f4 h2 57. Rh8 gxf4+ 58. Ke4 Rg5 59. Kd3 f3 60. Ke3 Kg2 61.
Kf4 1-0

[Event "Early-Titled-Tuesday-Blitz-February-27-2024"]
[Site "Chess.com"]
[Date "2024.02.27"]
[Round "9"]
[White "jcibarra"]
[Black "Evgeny81"]
[Result "1/2-1/2"]
[WhiteElo "2940"]
[BlackElo "2777"]
[TimeControl "180+1"]
[EndTime "9:46:33 PST"]
[Termination "Game drawn by repetition"]

1. e4 c5 2. Nf3 e6 3. d3 Nc6 4. g3 d5 5. Qe2 Nge7 6. h4 b6 7.
h5 h6 8. Bg2 Bb7 9. O-O Qd7 10.
a4 O-O-O 11. exd5 Nxd5 12. Nbd2 Be7 13. Nc4 Bf6 14. a5 b5 15. a6 Ba8 16. Nce5 Nxe5 17. Nxe5 Qc7 18. Ng4 Bc6 19. c4 bxc4 20. dxc4 Nb4 21.
Bf4 Qb6 22. Ne5 Bxe5 23. Qxe5 Nd3 24. Qe3 Bxg2 25. Kxg2 e5 26. Qe4 exf4 27. Rfd1 Rhe8 28.
Qf3 Ne5 29. Qxf4 Qc6+ 30. Kh3 f6 31. Rxd8+ Rxd8 32. Qf5+ Qd7 33. Qxd7+ Rxd7 34. b3 Kc7 35. f4 Nf3 36. Kg4 Nd4 37. Rb1 f5+ 38. Kh3 Nc6 39. Re1 Re7 40. Rd1 Nb4 41. g4 fxg4+ 42. Kxg4 Nxa6 43. Kf5 Nb4 44. Kg6 a5 45. f5 Nc6 46.
f6 gxf6 47. Kxh6 Re3 48. Kg6 Rxb3 49. Rh1 Rg3+ 50. Kxf6 Rf3+ 51. Kg7 Rg3+ 52. Kf6 Rf3+ 53.
Kg7 Ne5 54. h6 Rf7+ 55. Kg8 Rd7 56. h7 Nf7 57. Rf1 Nh6+ 58. Kh8 a4 59. Ra1 Nf7+ 60. Kg8 Nh6+ 61. Kh8 Rd8+ 62. Kg7 Nf5+ 63. Kf6 Ne3 64. Rxa4 Kb6 65. Kg7 Rd7+ 66. Kg6 Rd8 67. Kg7 Nf5+ 68. Kf6 Nd6 69. Ke7 Rh8 70. Kxd6 Rxh7 71. Ra1 Rh6+ 72. Kd5 Rh5+ 73. Kd6 Rh6+ 74. Kd5 Rh5+ 75. Kd6 Rh6+ 1/2-1/2

[Event "Early-Titled-Tuesday-Blitz-February-27-2024"]
[Site "Chess.com"]
[Date "2024.02.27"]
[Round "9"]
[White "wqws"]
[Black "MatthewG-p4p"]
[Result "0-1"]
[WhiteElo "2711"]
[BlackElo "2902"]
[TimeControl "180+1"]
[EndTime "9:46:34 PST"]
[Termination "MatthewG-p4p won by resignation"]

1. e4 e6 2. d4 d5 3. Nc3 Bb4 4. e5 Ne7 5. a3 Bxc3+ 6. bxc3 c5 7. Nf3 h6 8. a4 b6 9. Bb5+ Bd7 10. Bd3 Qc7 11. O-O Nbc6 12. Bd2 Na5 13. Re1 Rc8 14. h4 Bc6 15. h5 Qd7 16. Nh4 Bxa4 17. Qg4 Bb5 18. Bxb5 Qxb5 19. Qxg7 Rg8 20. Qxh6 cxd4 21.
Bg5 Kd7 22. Qf6 Rce8 23. h6 Nac6 24. h7 Rh8 25. Qxf7 Rhf8 26. Qg7 Kc8 27. Rxa7 Nxa7 28.
Bxe7 Rh8 29. Ng6 Rxh7 30. Qxh7 Qd7 31. Qh4 Nc6 32. Bf6 dxc3 33. Ra1 Na5 34. Qd4 Qc7 35. Ra3 Kb7 36. Qxc3 Nc4 37. Ra4 Rg8 38. Qa1 Na5 39. Nf4 Qxc2 40. Rb4 Rg4 41. g3 Qc5 42. Nd3 Rxg3+ 43.
Kh2 Rxd3 44. Rf4 Rd2 45. Qg1 Nc4 46. Qg3 d4 47. Qf3+ Ka6 48. Qa8+ Kb5 49. Qe8+ Qc6 50.
Qg6 Ne3 51. Qb1+ Ka6 52. Qa1+ Kb7 53. Qg1 Nf5 54. Qg4 Qc2 55. Qf3+ Kc7 56. Qg2 Rd1 57. Qa8 Qc6 58. Qa7+ Qb7 59. Qxb7+ Kxb7 60. Kg2 b5 61. Kf3 b4 62. Ke2 Rb1 63. Rxf5 exf5 64. e6 Kc6 65. Bxd4 Kd6 66. Kd3 Kxe6 67. Kc4 b3 68. Kc3 Kd5 69. Be3 Ke4 70. Ba7 Kf3 71. Bb6 Rc1+ 72. Kxb3 Rb1+ 0-1

[Event "Early-Titled-Tuesday-Blitz-February-27-2024"]
[Site "Chess.com"]
[Date "2024.02.27"]
[Round "9"]
[White "Pelusiansky"]
[Black "LiamPutnam2008"]
[Result "0-1"]
[WhiteElo "2597"]
[BlackElo "2791"]
[TimeControl "180+1"]
[EndTime "9:46:34 PST"]
[Termination "LiamPutnam2008 won on time"]

1. d4 Nf6 2. c4 g6 3. Nc3 Bg7 4.
e4 d6 5. Nge2 O-O 6. Ng3 Nc6 7.
d5 Ne5 8. Be2 c6 9. O-O cxd5 10.
cxd5 Bd7 11. Be3 Qa5 12. h3 Rfc8 13. Qb3 Rab8 14. f4 Neg4 15. hxg4 Nxg4 16. Bxg4 Bxg4 17. Rac1 b5 18. Nce2 h5 19. Nd4 h4 20. Nh1 Bd7 21.
Nf2 Qa6 22. a3 Qb7 23. Qd3 Rc4 24. b3 Rc5 25. Nc2 Rc3 26. Qd2 Rxb3 27. Bd4 Bxd4 28. Qxd4 Rc8 29. Ne3 Rxa3 30. f5 Rxc1 31. Rxc1 Qb6 32.
Qxb6 axb6 33. Neg4 gxf5 34. exf5 Kg7 35. Rc7 Bxf5 36.
Rxe7 b4 37. Ne3 Bg6 38. Nc4 Rc3 39. Nxb6 b3 40. Na4 Rc1+ 41. Kh2 Rc2 42. Rb7 Rxf2 43.
Rxb3 Be4 44. Kh3 Bxg2+ 45. Kxh4 Bxd5 46. Rg3+ Kf8 47. Nc3 Rh2+ 48. Kg5 Be6 49. Ne4 Ke7 50. Re3 Rg2+ 51. Kf4 Rg4+ 52. Kf3 Rh4 53. Ng3 Kf6 54. Ne4+ Kg6 55. Ng3 Bd5+ 56. Kf2 Rf4+ 57. Kg1 Be6 58. Ne2 Rg4+ 59. Kf2 d5 60. Ra3 Re4 61. Ng3 Re5 62. Ne2 Kf5 63. Rf3+ Kg5 64. Rg3+ Kf6 65. Nd4 Re4 66. Ne2 Bg4 67. Nc3 Rf4+ 68. Ke3 Ke5 69.
Kd3 Bf5+ 70. Kd2 d4 71. Ne2 Rf2 72. Ke1 Rh2 73. Rf3 d3 74. Nf4 d2+ 75. Kd1 Bg4 76. Nd3+ Ke4 77. Nf2+ Kxf3 78. Nxg4 Kxg4 0-1

[Event "Early-Titled-Tuesday-Blitz-February-27-2024"]
[Site "Chess.com"]
[Date "2024.02.27"]
[Round "9"]
[White "Jospem"]
[Black "dretch"]
[Result "1-0"]
[WhiteElo "3073"]
[BlackElo "2886"]
[TimeControl "180+1"]
[EndTime "9:46:38 PST"]
[Termination "Jospem won by resignation"]

1. e4 e6 2. d4 d5 3. exd5 exd5 4. Nf3 Bd6 5. h3 Nf6 6. c4 O-O 7. c5 Re8+ 8. Be2 Bf8 9. O-O Ne4 10. Nc3 Nxc3 11.
bxc3 b6 12. cxb6 axb6 13. Bd3 g6 14. Ne5 Ba6 15. Qf3 f6 16. Bxa6 Rxa6 17. Ng4 Re6 18. Bf4 b5 19. Rfb1 Reb6 20. Ne3 c6 21. Ng4 f5 22. Ne5 Nd7 23. Nxd7 Qxd7 24. Re1 Ra8 25.
h4 Rba6 26. Qe2 Ra3 27. Qd2 R3a4 28. h5 b4 29. Reb1 bxc3 30. Qxc3 Ra3 31. Qc2 gxh5 32.
Re1 h4 33. Kh2 Bd6 34. Be5 Be7 35. Re3 Bg5 36. Rf3 h6 37. Rxf5 Qh7 38. Rxg5+ hxg5 39. Qxc6 R3a5 40. Qf6 R5a6 41. Qxg5+ Rg6 42. Qe3 Rf8 43. a4 Qd7 44. a5 Qg4 45. Rg1 h3 46. g3 Rf3 47. Qe1 Qf5 48. Bf4 Rxf4 49. gxf4 Qxf4+ 50. Rg3 Rxg3 51. fxg3 Qxd4 52. Qe6+ Kf8 53. Qf5+ Ke7 54. Qg5+ Kd7 55. Kxh3 Kc6 56. a6 Kb6 57. Qg6+ Ka7 58. Qe6 Qh8+ 59. Kg2 Qb2+ 60. Kh3 Qh8+ 61. Kg4 Qg7+ 62.
Kf4 Qf8+ 63. Kg5 Qg7+ 64. Kf4 Qd4+ 65. Kg5 Qg7+ 66. Kh4 d4 67. g4 Qh7+ 68. Kg3 d3 69.
g5 Qc7+ 70. Kf3 Qc3 71. Qe3+ Kxa6 72. g6 Qf6+ 73. Qf4 Qxg6 74. Qa4+ Kb6 75. Qb4+ Kc6 76. Qc4+ Kd6 77. Qa6+ Ke5 78. Qxg6 Kd4 79. Qd6+ Kc4 80. Ke3 1-0

[Event "Early-Titled-Tuesday-Blitz-February-27-2024"]
[Site "Chess.com"]
[Date "2024.02.27"]
[Round "9"]
[White "andrzej"]
[Black "TioCridineno"]
[Result "1-0"]
[WhiteElo "2512"]
[BlackElo "2409"]
[TimeControl "180+1"]
[EndTime "9:46:39 PST"]
[Termination "andrzej won on time"]

1. e4 c5 2. Nf3 Nc6 3. d4 cxd4 4. Nxd4 Nf6 5. Nc3 e5 6. Ndb5 d6 7. Bg5 a6 8. Na3 b5 9. Nd5 Be7 10. Bxf6 Bxf6 11. c4 Nd4 12. cxb5 O-O 13. Bc4 Be6 14. O-O axb5 15. Nxb5 Qa5 16. b4 Bxd5 17. bxa5 Bxc4 18. Nxd4 exd4 19. Re1 Rxa5 20. a4 Rfa8 21. h4 h6 22. g3 d3 23. Ra3 Bb5 24. Rxd3 Bxa4 25. Qf3 Be7 26. e5 dxe5 27. Rxe5 Bf6 28. Rxa5 Rxa5 29. Ra3 Bc6 30. Qxc6 Rxa3 31. Qc8+ Kh7 32. Qf5+ Kg8 33.
Kg2 Ra8 34. Kh3 Re8 35. g4 Re5 36. Qc8+ Kh7 37. Qc2+ g6 38. Kg3 Kg7 39. f3 g5 40.
h5 Re6 41. Qc4 Be5+ 42. Kf2 Bf4 43. Qd4+ Be5 44. Qa4 Bf4 45. Qa1+ Be5 46. Qb1 Bf4 47. Qb2+ Be5 48. Qc2 Bf4 49. Kg2 Be5 50. Qf5 Bf4 51. Qc2 Be5 52. Qd2 Bf4 53. Qa2 Be5 54. Kf1 Bf4 55.
Qc2 Be5 56. Ke2 Bf4+ 57. Kd3 Re3+ 58. Kd4 Re6 59. Kd5 Re5+ 60. Kc6 Re6+ 61. Kd7 Be5 62. Qf5 Bf4 63. Kd8 Re5 64. Qd3 Re6 65. Kc8 Re5 66. Kb7 Re6 67. Kc8 Rf6 68. Qd4 Bg3 69. Kd7 Bf4 70. Ke8 Bg3 71. Ke7 Bd6+ 72.
Ke8 Bf4 73. Qc3 1-0

[Event "Early-Titled-Tuesday-Blitz-February-27-2024"]
[Site "Chess.com"]
[Date "2024.02.27"]
[Round "9"]
[White "GodzillaChessYoutube"]
[Black "Mesa_1"]
[Result "1-0"]
[WhiteElo "2668"]
[BlackElo "2498"]
[TimeControl "180+1"]
[EndTime "9:46:42 PST"]
[Termination "GodzillaChessYoutube won by resignation"]

1. d4 Nf6 2. Bf4 d5 3. e3 e6 4. Nd2 c5 5. c3 Nc6 6. Ngf3 cxd4 7. exd4 Nh5 8. Be3 Bd6 9. Ne5 Nf6 10. Nd3 O-O 11.
g3 e5 12. dxe5 Nxe5 13. Nxe5 Bxe5 14. Nf3 Ng4 15. Nxe5 Nxe5 16. Be2 Bh3 17. Qd4 Bg2 18. Rg1 Nf3+ 19. Bxf3 Bxf3 20. Qf4 Be4 21. f3 Bg6 22.
Kf2 Qd7 23. Rge1 a5 24. h4 Qb5 25. b3 h6 26. g4 a4 27. b4 Rfe8 28. h5 Bh7 29. Bd4 Qd3 30. g5 Qc2+ 31. Kg3 Qf5 32. Qxf5 Bxf5 33. gxh6 gxh6 34. Kf4 Rxe1 35. Rxe1 Bc2 36.
Rg1+ Kf8 37. Bg7+ Ke7 38. Bxh6 Rh8 39. Re1+ Kd7 40. Bg5 Rxh5 41. Re7+ Kc6 42. Rxf7 a3 43. Bd8 Bb3 44. Rc7+ Kb5 45. Rxb7+ Kc4 46. Ra7 Bxa2 47.
Rxa3 Bb3 48. Bf6 Bc2 49. Bd4 Rf5+ 50. Ke3 Rf8 51. Ra5 Re8+ 52. Kd2 Bg6 53. Rc5+ Kb3 54. Rxd5 Bf7 55. Re5 Rg8 56. Ke3 Bc4 57. b5 Kc2 58. b6 Ba6 59. Re7 Kb3 60. Be5 Kc4 61. b7 Bxb7 62. Rxb7 Kd5 63. Rb5+ Kc4 64. Ra5 Rd8 65.
Ke4 Rd1 66. f4 Re1+ 67. Kf5 Kd3 68. Rd5+ Kc4 69. Rd4+ Kc5 70. Re4 Rf1 71. Ke6 Kc6 72. f5 Rf3 73. Rc4+ Kb5 74. Rf4 Kc5 75. Rxf3 1-0

[Event "Early-Titled-Tuesday-Blitz-February-27-2024"]
[Site "Chess.com"]
[Date "2024.02.27"]
[Round "9"]
[White "Zohid6"]
[Black "Njal28"]
[Result "0-1"]
[WhiteElo "2868"]
[BlackElo "3009"]
[TimeControl "180+1"]
[EndTime "9:46:43 PST"]
[Termination "Njal28 won on time"]

1. e4 e5 2. Nf3 Nc6 3. Bb5 a6 4. Ba4 Nf6 5. O-O d6 6. c3 Bd7 7. d4 g6 8. Re1 Bg7 9. h3 O-O 10. Bc2 Nh5 11. a4 Qe8 12. a5 Kh8 13. Nbd2 f5 14. Ra3 f4 15. d5 Nd8 16. b4 Nf7 17. c4 g5 18. Nh2 Nf6 19. c5 h5 20.
Nc4 g4 21. h4 Bb5 22. Rc3 Rg8 23. g3 Nd7 24. cxd6 cxd6 25. Ba4 Rc8 26. Qc2 Bxa4 27. Qxa4 Nf6 28. Qc2 Qe7 29. Bd2 Rge8 30. Rc1 Kg8 31. Nf1 Bh6 32. Qd3 Rc7 33. Nb6 Rxc3 34. Rxc3 Nh8 35.
Qc2 Qh7 36. Rc7 Qxe4 37. Qxe4 Nxe4 38. Rxb7 Ng6 39. Bc1 Rf8 40. Rc7 Rf6 41. b5 axb5 42. a6 fxg3 43. fxg3 Bxc1 44. Rxc1 Rf3 45. a7 Ra3 46.
a8=Q+ Rxa8 47. Nxa8 b4 48. Rb1 Nc3 49. Rxb4 Nxd5 50.
Rb8+ Kf7 51. Nb6 Nc3 52. Rb7+ Ke6 53. Rg7 Ne7 54. Rh7 e4 55. Rh6+ Kf7 56. Rxd6 Nf5 57. Rc6 Nd1 58. Nd5 e3 59. Nf4 Nf2 60. Rc7+ Kf6 61.
Rc2 Ne4 62. Nxh5+ Ke5 63. Kg2 Nd4 64. Ra2 e2 65. Ra1 Nc2 66. Nh2 Nxa1 67. Nxg4+ Kd4 68. Nh2 Nd2 69. Nf3+ Nxf3 0-1

[Event "Early-Titled-Tuesday-Blitz-February-27-2024"]
[Site "Chess.com"]
[Date "2024.02.27"]
[Round "9"]
[White "Oleksandr_Bortnyk"]
[Black "wonderfultime"]
[Result "0-1"]
[WhiteElo "3059"]
[BlackElo "3118"]
[TimeControl "180+1"]
[EndTime "9:46:50 PST"]
[Termination "wonderfultime won on time"]

1. e4 e5 2. Bc4 Nf6 3. d3 c6 4. Nf3 d5 5. Bb3 a5 6. a4 Bb4+ 7. Bd2 O-O 8. exd5 cxd5 9. Bxb4 axb4 10. Nxe5 Re8 11. d4 Nc6 12. O-O Nxe5 13. dxe5 Rxe5 14. Qd4 Re4 15. Qd3 b6 16. Nd2 Ba6 17. Qh3 Re2 18. Nf3 Qe7 19. Nd4 Re4 20. Rfd1 Re8 21. g3 Rxd4 22.
Rxd4 Qe1+ 23. Rxe1 Rxe1+ 24. Kg2 Bf1+ 25. Kf3 Bxh3 26. Bxd5 g5 27. Bb3 Bf5 28. Kg2 g4 29.
f4 Re2+ 30. Kg1 Bxc2 31. Bxc2 Rxc2 32. Rxb4 Rc6 33. Rb5 Kg7 34. Rg5+ Kf8 35. b4 h6 36. Rb5 Ke7 37. a5 bxa5 38. bxa5 Rc1+ 39. Kg2 Ra1 40.
Rb7+ Ke6 41. Rb6+ Kf5 42. Rb5+ Kg6 43. Re5 Ra2+ 44. Kg1 Kg7 45. Kh1 Nd7 46. Rd5 Nb8 47. Rc5 Na6 48. Rb5 Nc7 49. Re5 Kf6 50. Rh5 Kg7 51. Re5 Ne6 52. Rd5 Kf6 53. Kg1 h5 54. Rxh5 Nd4 55. Rd5 Nf3+ 56. Kf1 Nxh2+ 57. Kg1 Nf3+ 58.
Kf1 Ke6 59. Rc5 Kd6 60. Rf5 Ke7 61. Rc5 f6 62. Rb5 Nd2+ 63. Kg1 Ne4 64. f5 Nxg3 65.
Rb7+ Kd6 66. a6 Rxa6 67. Rb4 Nxf5 68. Rxg4 Ke5 69. Rb4 Nd4 70. Rb8 f5 71. Kf2 Kf4 72.
Rb4 Ra2+ 73. Kg1 Ke4 74. Rb8 f4 75. Re8+ Kf3 76. Rb8 Ne2+ 77. Kh2 Kf2 78. Rb1 f3 79. Kh3 Ra8 80. Kg4 Kg2 81. Rb2 Re8 0-1

[Event "Early-Titled-Tuesday-Blitz-February-27-2024"]
[Site "Chess.com"]
[Date "2024.02.27"]
[Round "9"]
[White "Honiex"]
[Black "alexrustemov"]
[Result "0-1"]
[WhiteElo "2560"]
[BlackElo "2826"]
[TimeControl "180+1"]
[EndTime "9:47:04 PST"]
[Termination "alexrustemov won by checkmate"]

1. Nc3 d5 2. e4 d4 3. Nce2 e5 4. c3 c5 5. Ng3 Be6 6. Bb5+ Nd7 7. Nf3 Bd6 8. b4 dxc3 9. dxc3 Qc7 10. Ng5 O-O-O 11.
Nxe6 fxe6 12. O-O Ngf6 13. Be3 Kb8 14. Qb3 Rhe8 15. f3 Re7 16. Kh1 Rc8 17. Rfd1 a6 18.
Bxa6 c4 19. Bxc4 Qxc4 20. Qxc4 Rxc4 21. Rxd6 Rxc3 22. Nf1 Kc7 23. Rdd1 Re8 24. Rdc1 Rxc1 25. Rxc1+ Kd6 26. Nd2 Ra8 27. Rc2 Ra4 28. Nc4+ Ke7 29.
Bc5+ Nxc5 30. bxc5 Nd7 31. Kg1 Nxc5 32. Nxe5 b6 33.
Nc4 Nd7 34. Kf2 b5 35. Ne3 Kd6 36. Ke2 Nc5 37. Nd1 e5 38. Nc3 Ra5 39. Nd5 Ne6 40. Rb2 Nd4+ 41. Kd3 Ra3+ 42. Kd2 Kc5 43. Nc3 Kc4 44.
Nd5 g5 45. Ne3+ Kc5 46. Nc2 Nxc2 47. Rxc2+ Kd4 48. Rb2 Kc4 49. Rc2+ Kd4 50. Rb2 Kc5 51. Rc2+ Kb6 52. Ke2 h5 53. Kd2 b4 54. Ke2 Kb5 55. Kd2 h4 56. h3 Ka4 57. Ke2 Kb5 58.
Kd2 Ra8 59. Ke2 Rd8 60. Ke3 Ka4 61. Rc5 Rd1 62. Rxe5 Ra1 63. Rxg5 Rxa2 64. e5 b3 65. e6 Ra1 66. Ke2 Rc1 67. e7 Rc8 68. Rd5 b2 69.
Rd1 Re8 70. Kf2 Rxe7 71. g3 Kb3 72. gxh4 Rc7 73. Rb1 Kc2 74. Rxb2+ Kxb2 75. Kg3 Kc3 76. Kg4 Kd4 77. h5 Ke5 78. Kg5 Rg7+ 79. Kh6 Kf6 80.
f4 Rg3 81. h4 Rg4 82. Kh7 Kf7 83. h6 Rxf4 84. Kh8 Ra4 85. h5 Ra6 86. Kh7 Ra5 87. Kh8 Ra6 88. h7 Ra8# 0-1

[Event "Early-Titled-Tuesday-Blitz-February-27-2024"]
[Site "Chess.com"]
[Date "2024.02.27"]
[Round "9"]
[White "Susal_De_Silva"]
[Black "LLariMarc"]
[Result "1-0"]
[WhiteElo "2625"]
[BlackElo "2390"]
[TimeControl "180+1"]
[EndTime "9:47:19 PST"]
[Termination "Susal_De_Silva won on time"]

1. e4 e6 2. d4 d5 3. Nc3 Nf6 4. exd5 exd5 5. Bd3 c6 6. Nge2 Nbd7 7. O-O h6 8. Ng3 Be7 9. Nf5 O-O 10. Qf3 Re8 11.
Bxh6 g6 12. Nxe7+ Rxe7 13. Bg5 Kg7 14. Rae1 Rxe1 15. Rxe1 Nf8 16. Ne2 N8h7 17. Bh4 g5 18.
Bg3 Bg4 19. Qe3 Nh5 20. h3 Bxe2 21. Rxe2 Nxg3 22. Qxg3 Qf6 23. Re5 Rg8 24. Qg4 Qf4 25. Qxf4 gxf4 26. Bxh7 Kxh7 27. Rf5 Kg6 28. Rxf4 Re8 29.
Kf1 a5 30. h4 f6 31. g4 a4 32. f3 Ra8 33. h5+ Kg7 34. Rf5 Ra6 35. f4 Rb6 36. b3 Rb4 37. g5 fxg5 38. fxg5 Rxd4 39. g6 Rh4 40. Rf7+ Kg8 41. Rh7 Rh2 42. h6 a3 43.
Kg1 Rh5 44. Kf2 Rg5 45. Rg7+ Kh8 46. Ke3 Rh5 47. Rh7+ Kg8 48. Kd4 b6 49. b4 Rg5 50.
Rg7+ Kf8 51. c3 Rh5 52. Kd3 Rxh6 53. Rb7 Rxg6 54. Rxb6 Ke7 55. Ra6 Kd6 56. Rxa3 Rg3+ 57. Kc2 d4 58. Rb3 dxc3 59. Rxc3 Rg2+ 60. Kb3 Re2 61.
a4 Kd7 62. a5 Re1 63. Rc2 Rb1+ 64. Kc4 Kc7 65. Rf2 Re1 66. Rf7+ Kd6 67. Rf6+ Kc7 68.
Rf7+ Kd6 69. a6 Ra1 70. a7 Ke6 71. Rh7 Kd6 72. Kd4 Ra4 73. Kc3 Ra3+ 74. Kb2 Ra4 75. Kc1 Ra1+ 76. Kd2 Ra2+ 77. Ke3 Ra3+ 78. Kf4 Ke6 79. Rg7 Ra4 80. Kg5 Kd5 81. Kg6 Kc4 82. Kh7 Kxb4 83. Rc7 c5 84. Kg6 c4 85. Kf5 1-0

[Event "Early-Titled-Tuesday-Blitz-February-27-2024"]
[Site "Chess.com"]
[Date "2024.02.27"]
[Round "9"]
[White "sathvikadiga"]
[Black "jk13"]
[Result "1/2-1/2"]
[WhiteElo "2554"]
[BlackElo "2699"]
[TimeControl "180+1"]
[EndTime "9:47:35 PST"]
[Termination "Game drawn - insufficient material"]

1. e4 e5 2. Nf3 Nc6 3. Bc4 Bc5 4. O-O Nf6 5. d3 O-O 6. c3 d6 7. h3 a6 8. Bb3 Ba7 9. Re1 Ne7 10. Nbd2 Ng6 11.
Nf1 c6 12. Ng3 Re8 13. d4 h6 14. Be3 b5 15. Qd2 Be6 16. Rad1 Kh7 17. dxe5 Bxb3 18.
axb3 Bxe3 19. Rxe3 dxe5 20. Rd3 Qb6 21. Rd6 a5 22.
Rxf6 gxf6 23. Nf5 Nf4 24. g3 Rad8 25. Qc2 Rxd1+ 26. Qxd1 Nxh3+ 27. Kg2 Rd8 28. Qh1 Qxf2+ 29. Kxh3 Rg8 30. Qg2 Qxg2+ 31. Kxg2 Rd8 32. Ne3 Kg6 33. Kf2 Rd7 34. Ke2 Kg7 35. Nh4 Kf8 36. Nef5 h5 37. Ng2 Kg8 38. Ne1 Kh7 39. Nd3 Kg6 40. Nc5 Ra7 41.
Kd3 Kg5 42. Ke3 Ra8 43. Kf3 Rd8 44. Ke2 Kg4 45. Nd3 Ra8 46. Nf2+ Kg5 47. Nd6 Kg6 48.
Kf3 a4 49. bxa4 Rxa4 50. Nd3 Ra1 51. Nb7 Rf1+ 52. Ke2 Rg1 53. Kf2 Rd1 54. Nbc5 Rd2+ 55. Ke3 Rc2 56. Kf3 Kg5 57. Nd7 Rd2 58. Ke3 Rg2 59. Kf3 Rh2 60. N7c5 Kg6 61. Nd7 Kg5 62. N7c5 h4 63. gxh4+ Rxh4 64. Ke3 Rh3+ 65. Ke2 Kg4 66. Nd7 Rh2+ 67. Ke3 Kg5 68. N7c5 f5 69. Nxe5 fxe4 70. Nxe4+ Kf5 71. Nf3 Rxb2 72. Nd4+ Kg6 73. Nxc6 f5 74. Nc5 Kg5 75. Ne5 f4+ 76. Kf3 Rc2 77. Ne4+ Kf5 78. Nd3 Ra2 79. Nd6+ Ke6 80. Nxb5 Kd5 81. Nxf4+ Kc4 82. Nd4 Kxc3 83. Ke3 Ra1 84.
Nd5+ Kc4 85. Nb6+ Kc5 86. Nd7+ Kd6 87. Nf6 Ra3+ 88. Ke4 Ra4 89. Ne8+ Ke7 90. Nc7 Kd7 91. Nd5 Kd6 92. Nc3 Rb4 93. Nb5+ Kc5 94. Ke5 Rc4 95. Nc7 Rxd4 96. Ne6+ Kc4 97. Nxd4 1/2-1/2

[Event "Early-Titled-Tuesday-Blitz-February-27-2024"]
[Site "Chess.com"]
[Date "2024.02.27"]
[Round "10"]
[White "WilsonPalencia21"]
[Black "IM_ArthurDW08"]
[Result "1-0"]
[WhiteElo "2578"]
[BlackElo "2799"]
[TimeControl "180+1"]
[EndTime "9:48:32 PST"]
[Termination "WilsonPalencia21 won by resignation"]

1. d4 Nf6 2. Nf3 g6 3. c4 Bg7 4.
Nc3 O-O 5. e4 d6 6. Be2 Nbd7 7.
h3 e5 8. d5 Nc5 9. Qc2 a5 10. Bg5 Bh6 11. Bxh6 1-0

[Event "Early-Titled-Tuesday-Blitz-February-27-2024"]
[Site "Chess.com"]
[Date "2024.02.27"]
[Round "10"]
[White "Savagelittlemole"]
[Black "Let_it_be_1"]
[Result "1-0"]
[WhiteElo "2466"]
[BlackElo "2539"]
[TimeControl "180+1"]
[EndTime "9:50:05 PST"]
[Termination "Savagelittlemole won by resignation"]

1. e4 e6 2. d4 d5 3. Nd2 Nf6 4. e5 Nfd7 5. Bd3 c5 6. c3 Nc6 7. Ne2 f6 8. Nf4 Qe7 9. Qh5+ Qf7 10. Qxf7+ Kxf7 11. exf6 gxf6 12. Ne2 Bd6 13. f4 f5 14. Nf3 Nf6 15. Ne5+ Ke7 16. Bb5 Bd7 17. Bxc6 Bxc6 18. Be3 b6 19. Nxc6+ 1-0

[Event "Early-Titled-Tuesday-Blitz-February-27-2024"]
[Site "Chess.com"]
[Date "2024.02.27"]
[Round "10"]
[White "SahibSinghKnight"]
[Black "agvania123"]
[Result "1-0"]
[WhiteElo "2555"]
[BlackElo "2388"]
[TimeControl "180+1"]
[EndTime "9:50:10 PST"]
[Termination "SahibSinghKnight won by resignation"]

1. e4 d5 2. exd5 Qxd5 3. Nc3 Qd8 4. d4 Nf6 5. Bc4 a6 6. a4 Nc6 7.
Nf3 Bf5 8. O-O Nb4 9. Bb3 e6 10.
Re1 Be7 11. Ne5 O-O 12. g4 Bg6 13. h4 h5 14. Nxg6 fxg6 15. Rxe6 Kh8 16. gxh5 gxh5 17. Rxf6 Rxf6 18. Qxh5+ Rh6 19. Bxh6 1-0

[Event "Early-Titled-Tuesday-Blitz-February-27-2024"]
[Site "Chess.com"]
[Date "2024.02.27"]
[Round "10"]
[White "carlocapau"]
[Black "DrCeltic"]
[Result "0-1"]
[WhiteElo "2468"]
[BlackElo "2585"]
[TimeControl "180+1"]
[EndTime "9:50:14 PST"]
[Termination "DrCeltic won by resignation"]

1. d4 Nf6 2. c4 c6 3. Nf3 d5 4. Nc3 dxc4 5. a4 Bf5 6. Ne5 e6 7. f3 Bb4 8. e4 Bxe4 9. fxe4 Nxe4 10. Bd2 Qxd4 11. Nxe4 Qxe4+ 12. Qe2 Bxd2+ 13. Kxd2 Qd5+ 14. Kc2 Na6 15. Nxc4 O-O 16. Qf3 Qc5 17. Qe3 Qf5+ 18. Bd3 Nb4+ 19. Kc3 Nxd3 20. Qxd3 Qc5 21.
Qe3 Qd5 22. g4 b5 23. Ne5 bxa4 24. Rxa4 Qxh1 0-1

[Event "Early-Titled-Tuesday-Blitz-February-27-2024"]
[Site "Chess.com"]
[Date "2024.02.27"]
[Round "10"]
[White "Janosik"]
[Black "manitodeplomo"]
[Result "0-1"]
[WhiteElo "2841"]
[BlackElo "2658"]
[TimeControl "180+1"]
[EndTime "9:50:21 PST"]
[Termination "manitodeplomo won by resignation"]

1. d4 Nf6 2. c4 e6 3. Nc3 Bb4 4. Qc2 O-O 5. Nf3 c5 6. dxc5 Nc6 7. g3 Bxc5 8. Bg2 b6 9. O-O Bb7 10. a3 Rc8 11. Bf4 Be7 12. Rfd1 Na5 13. b3 d5 14. Ne5 Qe8 15. Nb5 Qxb5 0-1

[Event "Early-Titled-Tuesday-Blitz-February-27-2024"]
[Site "Chess.com"]
[Date "2024.02.27"]
[Round "10"]
[White "rhungaski"]
[Black "MasterKroket"]
[Result "1-0"]
[WhiteElo "2599"]
[BlackElo "2479"]
[TimeControl "180+1"]
[EndTime "9:50:26 PST"]
[Termination "rhungaski won by checkmate"]

1. e4 e5 2. Nf3 Nc6 3. d4 exd4 4. Nxd4 Bc5 5. Be3 Qf6 6. Nb5 Bxe3 7. fxe3 Qh4+ 8. g3 Qxe4 9. Nxc7+ Kd8 10. Nxa8 Qxh1 11.
Qg4 Nge7 12. Nc3 d6 13. Qf4 Ne5 14. O-O-O N7g6 15. Qd4 Qc6 16. Qxa7 Bg4 17. Bb5 Qc8 18. Qb6+ Ke7 19. Qxd6# 1-0

[Event "Early-Titled-Tuesday-Blitz-February-27-2024"]
[Site "Chess.com"]
[Date "2024.02.27"]
[Round "10"]
[White "bazar-wokzal"]
[Black "Ishowmoves57"]
[Result "1-0"]
[WhiteElo "2626"]
[BlackElo "2178"]
[TimeControl "180+1"]
[EndTime "9:50:46 PST"]
[Termination "bazar-wokzal won by checkmate"]

1. e4 c5 2. c3 d5 3. exd5 Qxd5 4. d4 cxd4 5. cxd4 Nf6 6. Nc3 Qd8 7. Nf3 e6 8. Bd3 Be7 9. O-O O-O 10. Qc2 Nc6 11.
a3 Nxd4 12. Nxd4 Qxd4 13. Rd1 Qc5 14. b4 Qc7 15. Bb2 h6 16. Rac1 b6 17. Qe2 Qf4 18. g3 Qg4 19. f3 Qh5 20. Ne4 Nxe4 21. Qxe4 Bb7 22. Qh7# 1-0

[Event "Early-Titled-Tuesday-Blitz-February-27-2024"]
[Site "Chess.com"]
[Date "2024.02.27"]
[Round "10"]
[White "chessamical"]
[Black "mertfelin"]
[Result "0-1"]
[WhiteElo "2173"]
[BlackElo "2322"]
[TimeControl "180+1"]
[EndTime "9:50:54 PST"]
[Termination "mertfelin won by resignation"]

1. d4 d5 2. c4 e6 3. Nc3 Be7 4. cxd5 exd5 5. Bf4 c6 6. e3 Bf5 7. Rc1 Nd7 8. Nxd5 cxd5 9. Bc7 Qc8 10. Bd6 Qd8 11.
Bc7 Bb4+ 12. Ke2 Qe7 13. Qa4 Nf6 0-1

[Event "Early-Titled-Tuesday-Blitz-February-27-2024"]
[Site "Chess.com"]
[Date "2024.02.27"]
[Round "10"]
[White "HATilay"]
[Black "Caroexpert"]
[Result "1-0"]
[WhiteElo "2639"]
[BlackElo "2522"]
[TimeControl "180+1"]
[EndTime "9:51:15 PST"]
[Termination "HATilay won by resignation"]

1. e4 c6 2. d4 d5 3. e5 Bf5 4. Bd3 Bxd3 5. Qxd3 Qa5+ 6. Nc3 e6 7. Ne2 Qa6 8. Qh3 c5 9. Nxd5 exd5 10. Qc8+ Ke7 11. Qxc5+ Ke8 12. Qc8+ Ke7 13. Bd2 f6 14. Bb4+ Kf7 15.
Qxf8+ Kg6 16. Nf4+ Kf5 17. Qxg7 Nc6 18. f3 Nxd4 19.
Qg4+ Kxe5 20. Nd3+ Qxd3 21. cxd3 Nc2+ 22. Kf2 Nxa1 1-0